 Dungeon Crawl Stone Soup version 0.21.0-3-g78d12a8 (webtiles) character file.

89 theswoord the Bolt Thrower (level 4, -2/38 HPs)
             Began as a Naga Arcane Marksman on Jan 10, 2018.
             Slain by a worm (11 damage)
             ... on level 2 of the Dungeon.
             The game lasted 00:03:10 (1005 turns).

theswoord the Bolt Thrower (Naga Arcane Marksman)   Turns: 1005, Time: 00:03:10

Health: -2/38      AC:  2    Str: 12    XL:     4   Next: 55%
Magic:  5/5        EV: 10    Int: 14    God:
Gold:   34         SH:  0    Dex: 12    Spells: 4/5 levels left

rFire    . . .     SeeInvis +   a - +0 hand crossbow
rCold    . . .     Gourm    .   (no shield)
rNeg     . . .     Faith    .   e - +0 robe
rPois    +         Spirit   .   (no helmet)
rElec    .         Reflect  .   (no cloak)
rCorr    +         Harm     .   (no gloves)
MR       .....                  (no barding)
Stlth    +.........             (no amulet)
HPRegen  0.12/turn              l - ring of resist corrosion
MPRegen  0.09/turn              (no ring)

@: very slow
A: large, see invisible, deformed body, poison resistance, slowness 2, slow
metabolism 1, spit poison 1, AC +1
a: Spit Poison


You were on level 2 of the Dungeon.
You were not hungry.

You visited 1 branch of the dungeon, and saw 2 of its levels.

You collected 34 gold pieces.

Inventory:

Hand Weapons
 a - a +0 hand crossbow (weapon)
 d - a +0 whip
Armour
 e - a +0 robe (worn)
 m - a +2 pair of gloves
Jewellery
 b - an uncursed ring of stealth {unknown}
 l - a ring of resist corrosion (left hand)
Scrolls
 g - a scroll of enchant armour {unknown}
 h - 2 scrolls of remove curse {unknown}
 i - 3 scrolls of identify {unknown}
 j - a scroll of amnesia {unknown}
 k - a scroll of immolation {unknown}
 o - a scroll of fog {unknown}
Potions
 n - a potion of ambrosia {unknown}
Books
 c - a book of Debilitation

   Spells                             Type                      Level
   a - Corona                         Hexes                        1
   b - Slow                           Hexes                        2
   c - Inner Flame                    Hexes/Fire                   3
   d - Portal Projectile              Hexes/Translocation          3
   e - Cause Fear                     Hexes                        4
   f - Leda's Liquefaction            Hexes/Earth                  4
Comestibles
 f - 2 rations


   Skills:
 - Level 1.0 Fighting
 + Level 4.2 Crossbows
 - Level 1.5 Dodging
 - Level 1.0 Spellcasting
 - Level 3.0 Hexes


You had 4 spell levels left.
You knew the following spells:

 Your Spells              Type           Power        Failure   Level  Hunger
a - Corona                Hex            #......      8%          1    ##.....


Dungeon Overview and Level Annotations

Branches:
Dungeon (2/15)

Altars:


Innate Abilities, Weirdness & Mutations

You cannot wear boots.
Your serpentine skin is tough. (AC +1)
You have supernaturally acute eyesight. (SInv)
Armour fits poorly on your strangely shaped body.
Your system is resistant to poisons. (rPois)
You cover ground very slowly.
You have a slow metabolism.
You can spit poison.


Message History

Okay, then.
Items here: ( )) ? † a whip x2; a scroll labeled CEEWNA FUUSAN; 3 bolts; a gnoll corpse
d - a whip;
p - 3 bolts
Aim: a worm You shoot a bolt.
The bolt hits the worm but does no damage.
Aim: a worm You shoot a bolt.
The bolt hits the worm!
Aim: a worm (moderately wounded)
You shoot a bolt.
The bolt hits the worm but does no damage.
The worm bites you.
* * * LOW HITPOINT WARNING * * *
Wear which item? (? for menu, Esc to quit)
The worm bites you!
Keep equipping yourself? [Y]es or [N]o only, please.
Keep equipping yourself?
You die...

.....
...((#########
.....(.[.....#
(...(.....(..#
......(......#
..(....(.....#
...(..)w.....#
....(##@.##
####....(.# #.
........#.###...
#####.........#
#.##......# ###
#.##...##..# ...
#.##.#...#.
#.###.#..###..(.
#...>.#.## ####


You could see a worm.

Vanquished Creatures
  4 gnolls (D:2)
  An adder (D:2)
  A dart slug (D:1)
  A leopard gecko (D:1)
  2 bats (D:1)
  A giant cockroach (D:1)
  2 goblins (D:1)
  10 hobgoblins
  2 jackals (D:1)
  A quokka (D:2)
  3 ball pythons (D:1)
  4 frilled lizards (D:1)
  4 kobolds
  A rat (D:1)
37 creatures vanquished.

Notes
Turn   | Place    | Note
-------+----------+-------------------------------------------
     0 | D:1      | theswoord the Naga Arcane Marksman began the quest for the Orb.
     0 | D:1      | Reached XP level 1. HP: 18/18 MP: 2/2
    20 | D:1      | Reached skill level 2 in Crossbows
   117 | D:1      | Reached XP level 2. HP: 25/25 MP: 3/3
   386 | D:1      | Reached skill level 3 in Crossbows
   394 | D:1      | Reached XP level 3. HP: 31/31 MP: 4/4
   965 | D:2      | Reached XP level 4. HP: 38/38 MP: 5/5
   974 | D:2      | Reached skill level 4 in Crossbows
  1005 | D:2      | Slain by a worm

Skill      XL: |  1  2  3  4 |
---------------+-------------+-----
Crossbows      | 2 3 4 |  4.2
Fighting       | |  1.0
Dodging        | |  1.5
Spellcasting   | |  1.0
Hexes          | |  3.0

Action                   |  1- 3 |  4- 6 || total
-------------------------+-------+-------++-------
 Fire: Hand crossbow     |    76 |    21 ||    97
Armor: Robe              |     7 |       ||     7
Dodge: Dodged            |    15 |     6 ||    21

Vault maps used:
D:1:      dpeg_arrival_round_b, serial_bayou_ford_a, feat_on_display
